 Dungeon Crawl Stone Soup version 0.20.1-1-g8b1a95d (webtiles) character file.

1409 Monsterracer the Ruffian (level 8, -7/78 HPs)
             Began as an Ogre Transmuter on Oct 23, 2017.
             Was a Follower of Okawaru.
             Mangled by a wight
             ... wielding a cursed +5 long sword
              (10 damage)
             ... on level 5 of the Dungeon.
             The game lasted 00:14:48 (8074 turns).

Monsterracer the Ruffian (Ogre Transmuter)          Turns: 8074, Time: 00:14:49

Health: -7/78      AC:  4    Str: 15    XL:     8   Next: 70%
Magic:  19/20      EV:  9    Int: 16    God:    Okawaru [*.....]
Gold:   327        SH:  0    Dex:  9    Spells: 1/11 levels left

rFire    + . .     SeeInvis .     - Unarmed
rCold    + . .     Gourm    .   (no shield)
rNeg     . . .     Faith    .   n - +1 robe {rC+ rF+}
rPois    .         Spirit   .   (helmet restricted)
rElec    .         Reflect  .   (no cloak)
rCorr    .         Harm     .   (gloves unavailable)
MR       .....                  (boots unavailable)
Stlth    +.........             (no amulet)
Regen    0.3/turn               e - ring of magical power
MPRegen  0.2/turn               r - +2 ring of slaying

@: heavily drained
A: unfitting armour, tough skin 1
a: Heroism, Renounce Religion


You were on level 5 of the Dungeon.
You worshipped Okawaru.
Okawaru was aware of your devotion.
You were hungry.

You visited 1 branch of the dungeon, and saw 6 of its levels.

You collected 327 gold pieces.

Inventory:

Missiles
 a - 60 arrows
Armour
 n - a +1 robe of resistance (worn)
Jewellery
 e - a ring of magical power (left hand)
 l - an uncursed ring of positive energy
 r - a +2 ring of slaying (right hand)
Scrolls
 b - 2 scrolls of remove curse
 h - a scroll of amnesia
 j - a scroll of teleportation
 u - a scroll of fog
Potions
 f - 2 potions of flight
 g - 2 potions of curing
 i - a potion of brilliance
 m - 2 potions of magic
 o - a potion of degeneration {unknown}
 p - a potion of cancellation
 s - a potion of resistance {unknown}
Books
 c - a book of Changes

   Spells                             Type                      Level
   a - Beastly Appendage              Transmutation                1
   b - Sticks to Snakes               Transmutation                2
   c - Spider Form                    Transmutation/Poison         3
   d - Ice Form                       Ice/Transmutation            4
   e - Blade Hands                    Transmutation                5
Comestibles
 d - 2 bread rations
 k - 4 fruits
 q - a meat ration
 t - a royal jelly


   Skills:
 + Level 4.2(1.9) Fighting
 - Level 1.7(0.0) Dodging
 * Level 6.8(4.3) Unarmed Combat
 - Level 2.4(0.2) Spellcasting
 * Level 6.7(4.2) Transmutations
 + Level 1.0(0.0) Invocations


You had one spell level left.
You knew the following spells:

 Your Spells              Type           Power        Failure   Level  Hunger
b - Sticks to Snakes      Tmut           ##......     7%          2    ###....
c - Spider Form           Tmut/Pois      #.........   30%         3    ####...
d - Blade Hands           Tmut           ##........   77%         5    ######.


Dungeon Overview and Level Annotations

Branches:
Dungeon (6/15)             Temple (0/1) D:4

Altars:
Fedhas
Kikubaaqudgha
Nemelex Xobeh
Okawaru
Ru
Trog
Xom
Yredelemnul


Innate Abilities, Weirdness & Mutations

You are too large for most types of armour.
You have tough skin. (AC +1)


Message History

Your hands turn into razor-sharp scythe blades.
You climb downwards.
The wight hits you with a war axe.
There is a stone staircase leading up here.
Damage: -1%(-1hp) hp: 93%(72hp) Unknown command.
Unknown command.
You hit the wight but do no damage. The wight hits you with a war axe.
You feel drained.
Damage: -8%(-6hp) hp: 85%(66hp)
You hit the wight.
The wight is moderately damaged.
You slice the wight!!
You destroy the wight!
Okawaru accepts your kill. The crimson imp hits you.
Damage: -1%(-1hp) hp: 84%(65hp)
A crimson imp is nearby!
You slash the crimson imp!
The crimson imp is severely wounded.
You completely miss the crimson imp.
The crimson imp is severely wounded.
The crimson imp hits you.
Damage: -1%(-1hp) hp: 84%(65hp)
You slice the crimson imp!!
You kill the crimson imp!
Okawaru accepts your kill.
Your base Invocations skill increases to level 1!
You start resting.
Your hands revert to their normal proportions.
You start resting.
You are feeling hungry.
Magic restored.
There is a stone staircase leading down here.
You climb downwards.
The wight misses you.
There is a stone staircase leading up here.
The wight hits you from afar with a spear.
You feel drained.
The wight hits you with an enchanted long sword!
You climb upwards.
There is a stone staircase leading down here.
Huge Dmg: -21%(-17hp) hp: 74%(57hp)
The wight hits you with an enchanted long sword!
Damage: -8%(-6hp) hp: 66%(51hp)
Casting: Blade Hands
Confirm with . or Enter, or press ? or * to list all spells.
You miscast Sticks to Snakes.
You are very lightly contaminated with residual magic.
Nothing appears to happen.
The wight barely misses you.
Casting: Sticks to Snakes
Confirm with . or Enter, or press ? or * to list all spells.
You create 2 snakes!
You now have 60 arrows.
The wight hits you with an enchanted long sword!
You feel drained.
Damage: -10%(-8hp) hp: 62%(48hp)
You swap places.
Your ball python bites the wight.
Your ball python completely misses the wight.
The wight hits you with an enchanted long sword!
* * * LOW HITPOINT WARNING * * *
Huge Dmg: -13%(-10hp) hp: 49%(38hp)
You closely miss the wight.
The wight is lightly damaged.
Your ball python bites the wight but does no damage.
Your ball python grabs the wight.
Your ball python constricts the wight.
You hit the wight but do no damage.
The wight is lightly damaged.
The wight hits you with an enchanted long sword!
* * * LOW HITPOINT WARNING * * *
Your ball python bites the wight but does no damage.
Your ball python constricts the wight.
Huge Dmg: -15%(-12hp) hp: 35%(27hp)
You barely miss the wight.
The wight is lightly damaged.
Your ball python barely misses the wight.
Your ball python constricts the wight.
The wight hits you with an enchanted long sword!
* * * LOW HITPOINT WARNING * * *
You feel drained.
* * * LOW HITPOINT WARNING * * *
Huge Dmg: -32%(-25hp) hp: 3%(2hp)
You swap places.
Your ball python barely misses the wight.
Your ball python bites the wight but does no damage.
Your ball python constricts the wight.
The wight completely misses your ball python.
Your ball python bites the wight.
Your ball python barely misses the wight.
Your ball python constricts the wight.
Your ball python bites the wight but does no damage.
The wight barely misses your ball python.
Your ball python bites the wight but does no damage.
Your ball python constricts the wight.
Your ball python bites the wight.
Your ball python bites the wight but does no damage.
Your ball python constricts the wight.
The wight hits your ball python with an enchanted long sword!
Your ball python dies!
Your ball python bites the wight but does no damage.
Your ball python constricts the wight.
Your magical contamination has completely faded away.
The wight hits you with an enchanted long sword!
You die...

.........##.#.##.################
................................>
.........##.##.#.###############.
........###.#<.#.# #. ###[.##.#
#.#.)#.# #. ##.##.# #.#..#.# #.
####.##.###.#..#.# #.
.........##.#..#.# #.
.....[...##.#.)#@###############.
.........##.#..#Sz...............
.........##.#####################
.......†.##......................
######..###.#######......########
# #..# #.# #......# # ##.###)#
#......# # #..##.# #......# ###
#..##)#######......#


You could see a wight and a friendly ball python.

Vanquished Creatures
  A hippogriff (D:5)
  Sigmund (D:2)
  2 ogres (D:5)
  A scorpion (D:4)
  A wight (D:5)
  A howler monkey (D:5)
  2 crimson imps (D:5)
  A hound (D:5)
  An orc priest (D:5)
  A bullfrog skeleton (D:4)
  3 orc wizards
  A centaur skeleton (D:5)
  2 worker ants
  Terence (D:2)
  2 iguanas
  A hound zombie (D:5)
  3 gnolls (D:3)
  7 adders
  2 oozes
  5 worms
  A dart slug (D:1)
  5 leopard geckos
  24 orcs
  4 giant cockroaches
  5 goblins
  8 hobgoblins
  16 jackals
  6 quokkas
  9 bats
  14 frilled lizards
  5 kobolds
  A quokka skeleton (D:5)
  11 rats
148 creatures vanquished.

Vanquished Creatures (collateral kills)
  A phantom (D:4)
1 creature vanquished.

Grand Total: 149 creatures vanquished

Notes
Turn   | Place    | Note
-------+----------+-------------------------------------------
     0 | D:1      | Monsterracer the Ogre Transmuter began the quest for the Orb.
     0 | D:1      | Reached XP level 1. HP: 19/19 MP: 3/3
   168 | D:1      | HP: 9/19 [hobgoblin/club (3)]
   172 | D:1      | Reached XP level 2. HP: 13/27 MP: 5/5
   547 | D:1      | HP: 13/27 [jackal (1)]
   624 | D:1      | Learned a level 2 spell: Sticks to Snakes
   715 | D:1      | HP: 13/27 [jackal (1)]
   907 | D:1      | Reached XP level 3. HP: 25/33 MP: 6/6
   915 | D:1      | Learned a level 3 spell: Spider Form
  1134 | D:1      | HP: 14/33 [goblin/club (4)]
  1385 | D:1      | HP: 10/33 [worm (10)]
  2308 | D:2      | Reached XP level 4. HP: 41/41 MP: 7/7
  2461 | D:2      | Noticed Sigmund
  2466 | D:2      | HP: 18/41 [Sigmund/magic dart (6)]
  2476 | D:2      | HP: 12/41 [Sigmund/scythe (7)]
  2478 | D:2      | Killed Sigmund
  2478 | D:2      | Reached XP level 5. HP: 15/48 MP: 8/8
  2478 | D:2      | Reached XP level 6. HP: 17/55 MP: 9/9
  2889 | D:2      | Noticed Terence
  2896 | D:2      | Killed Terence
  3683 | D:3      | Reached skill level 5 in Unarmed Combat
  3889 | D:3      | Found a shimmering altar of Xom.
  3889 | D:3      | Found a blossoming altar of Fedhas.
  4003 | D:3      | Found a sparkling altar of Nemelex Xobeh.
  4004 | D:3      | Found a basalt altar of Yredelemnul.
  4004 | D:3      | Found an iron altar of Okawaru.
  4006 | D:3      | Found a bloodstained altar of Trog.
  4008 | D:3      | Found an ancient bone altar of Kikubaaqudgha.
  4012 | D:3      | Became a worshipper of Warmaster Okawaru
  4499 | D:4      | Noticed a phantom
  4553 | D:4      | HP: 27/55 [phantom (2)]
  4557 | D:4      | HP: 12/55 [phantom (9)]
  4562 | D:4      | Killed a phantom
  4562 | D:4      | Reached XP level 7. HP: 7/62 MP: 10/10
  4888 | D:4      | Learned a level 5 spell: Blade Hands
  4925 | D:4      | Found a sacrificial altar of Ru.
  5012 | D:4      | Reached skill level 5 in Transmutations
  5030 | D:4      | HP: 24/62 [something/puff of flame (10)]
  5039 | D:4      | HP: 13/63 [orc (1)]
  5624 | D:4      | Found a staircase to the Ecumenical Temple.
  6094 | D:5      | Entered Level 5 of the Dungeon
  6309 | D:5      | HP: 32/66 [adder (3)]
  6314 | D:5      | HP: 31/66 [poisoned by an adder]
  6867 | D:5      | Noticed a hippogriff
  6882 | D:5      | HP: 33/67 [hippogriff (1)]
  6887 | D:5      | HP: 23/67 [hippogriff (6)]
  6888 | D:5      | Killed a hippogriff
  6888 | D:5      | Reached * piety under Okawaru
  6888 | D:5      | Reached XP level 8. HP: 25/75 MP: 11/11
  6931 | D:5      | HP: 31/76 [orc/club (4)]
  6945 | D:5      | HP: 28/78 [howler monkey (7)]
  6979 | D:5      | HP: 35/78 [ooze (1)]
  7625 | D:5      | HP: 39/78 [wight/war axe (11)]
  8000 | D:5      | Reached skill level 1 in Invocations
  8066 | D:5      | HP: 38/78 [wight/enchanted long sword (10)]
  8069 | D:5      | HP: 10/78 [wight/enchanted long sword (17)]
  8069 | D:5      | HP: 2/78 [wight/enchanted long sword (8)]
  8074 | D:5      | Mangled by a wight

Skill      XL: |  1  2  3  4  5  6  7  8 |
---------------+-------------------------+-----
Transmutations | 2 4 6 |  6.7
Unarmed Combat | 3 4 5 6 |  6.8
Fighting       | 3 4 |  4.2
Invocations    | 1 |  1.0
Dodging        | |  1.7
Spellcasting   | |  2.4

Action                   |  1- 3 |  4- 6 |  7- 9 || total
-------------------------+-------+-------+-------++-------
Melee: Unarmed           |   170 |   158 |   280 ||   608
       Punch             |     1 |     1 |     4 ||     6
       Headbutt          |     4 |       |       ||     4
       Kick              |     3 |     2 |       ||     5
 Cast: Beastly Appendage |     3 |     2 |       ||     5
       Spider Form       |     2 |     7 |    15 ||    24
       Sticks to Snakes  |       |     4 |     1 ||     5
       Blade Hands       |       |       |     1 ||     1
  Use: Scroll            |       |       |    16 ||    16
  Eat: Chunk             |     5 |     6 |    11 ||    22
       Bread ration      |       |     1 |       ||     1
Armor: Robe              |    64 |    30 |    34 ||   128
       Skin              |       |     2 |     2 ||     4
Dodge: Dodged            |   102 |    77 |   167 ||   346

Vault maps used:
D:1:      eino_arrival_water_star
D:2:      serial_bayou_pond_c, uniq_sigmund, uniq_terence
D:3:      minitemple, lemuel_crystal_altar, hangedman_decor_points
D:4:      temple_statues, first_bread, minmay_misc_feat_rows,
          grunt_ministairs_5, nicolae_ru_sacrificial_ziggurat
D:6:      minmay_misc_feat_nine_boxes, kennysheep_another_room
